 Dungeon Crawl Stone Soup version 0.23.2-33-g5129a83184 (webtiles) character file.

Game seed: 1235534031249748584

182 Destapler the Covered (level 5, 0/36 HPs)
             Began as a Halfling Fighter on Aug 4, 2019.
             Was a Follower of Wu Jian.
             Slain by Grinder (6 damage)
             ... on level 3 of the Dungeon.
             The game lasted 00:11:14 (2707 turns).

Destapler the Covered (Halfling Fighter)            Turns: 2707, Time: 00:11:15

Health: 0/36       AC: 15    Str: 17    XL:     5   Next: 93%
Magic:  5/5        EV: 15    Int:  6    God:    Wu Jian [*.....]
Gold:   103        SH: 10    Dex: 20    Spells: 4/4 levels left

rFire    . . .     SeeInvis .   x - +2 flail (protect)
rCold    . . .     Gourm    .   c - +0 shield
rNeg     + . .     Faith    .   p - +0 scale mail
rPois    .         Spirit   .   y - +0 helmet
rElec    .         Reflect  .   (no cloak)
rCorr    .         Harm     .   (no gloves)
MR       .....                  (no boots)
Stlth    ++........             (no amulet)
HPRegen  0.12/turn              u - ring of positive energy
MPRegen  0.09/turn              (no ring)

@: agile, protection aura, hasted, very quick
A: small, mutation resistance 1
a: Renounce Religion


You were on level 3 of the Dungeon.
You worshipped Wu Jian.
Wu Jian was aware of your devotion.
You were not hungry.

You visited 1 branch of the dungeon, and saw 3 of its levels.

You collected 103 gold pieces.

Inventory:

Hand Weapons
 a - a +0 rapier
 b - a +0 hunting sling
 x - a +2 flail of protection (weapon)
Missiles
 n - 56 stones (quivered)
 q - 53 sling bullets
Armour
 c - a +0 shield (worn)
 p - a +0 scale mail (worn)
 y - a +0 helmet (worn)
Jewellery
 u - a ring of positive energy (left hand)
 w - an uncursed amulet of the acrobat {unknown}
Wands
 v - a wand of paralysis (6)
Scrolls
 e - a scroll of enchant armour {unknown}
 g - a scroll of noise {unknown}
 h - a scroll of remove curse {unknown}
 i - a scroll of identify {unknown}
 j - a scroll of fear {unknown}
 l - 2 scrolls of magic mapping {unknown}
 r - a scroll of immolation {unknown}
 s - a scroll of fog {unknown}
Potions
 d - a potion of might
 m - 2 potions of resistance
Comestibles
 f - 2 rations
 k - a chunk of flesh


   Skills:
 + Level 3.3 Fighting
 + Level 3.3 Short Blades
 + Level 4.1 Armour
 + Level 1.9 Dodging
 + Level 2.2 Stealth
 + Level 4.0 Shields


You had 4 spell levels left.
You didn't know any spells.
Your spell library was empty.

Dungeon Overview and Level Annotations

Branches:
Dungeon (3/15)

Altars:
Makhleb
Wu Jian

Annotations:
D:3 Grinder


Innate Abilities, Weirdness & Mutations

You are small and have problems with some larger weapons.
You are somewhat resistant to further mutation.


Message History

You kill the goblin!
The Council accepts your kill.
You completely miss the orc. The orc misses you.
Grinder blinks!
You hit the orc.
You kill the orc!
The Council accepts your kill.
You can now lightly attack and pin monsters in place by moving around them.
You now have 103 gold pieces (gained 19).
Items here: ))) [[ ††† You see here a mace.
Grinder shouts!
Items here: ))) [[ ††† You spin to attack Grinder, but your attack speed is too slow for a blow to land.
Things that are here:
a cursed -2 club; a +0 dagger; a hobgoblin corpse You hit Grinder.
Your weapon exudes an aura of protection.
Grinder is lightly wounded.
Grinder hits you.
You die...

.##.....#.#.##..#.(..g.((§.
.##.....#.#.##.##.######...
####......#.##÷#.........
########....().####.#.
#########.#.##### ###
#.......#.#.# gg ..#
#.#####.#.#.# .#
#.####.#####.#.#)##)##.#..
#.........##.#.#@5).......
######.##.[....####....##)
#.#####.### ....# #.......#
....... ######### ..####.
>.# ... ..#


You could see Grinder (pinned).

Vanquished Creatures
  Terence (D:2)
  Robin (D:3)
  3 gnolls (D:3)
  3 adders
  An ooze (D:3)
  3 worms (D:2)
  3 dart slugs
  3 leopard geckos
  An orc (D:3)
  3 giant cockroaches
  7 hobgoblins
  4 jackals (D:1)
  A quokka (D:1)
  A ball python (D:1)
  7 bats
  3 frilled lizards
  14 goblins
  6 kobolds
  6 rats
71 creatures vanquished.

Notes
Turn   | Place    | Note
-------+----------+-------------------------------------------
     0 | D:1      | Destapler the Halfling Fighter began the quest for the Orb.
     0 | D:1      | Reached XP level 1. HP: 15/15 MP: 1/1
   144 | D:1      | Reached XP level 2. HP: 17/20 MP: 2/2
   633 | D:1      | Reached XP level 3. HP: 15/25 MP: 3/3
   638 | D:1      | Reached skill level 1 in Stealth
  1272 | D:2      | Reached skill level 1 in Dodging
  1393 | D:2      | Noticed Terence
  1411 | D:2      | Killed Terence
  1411 | D:2      | Reached XP level 4. HP: 26/31 MP: 4/4
  1924 | D:2      | Found an ornate altar of the Wu Jian Council.
  1942 | D:2      | Reached XP level 5. HP: 35/36 MP: 5/5
  2341 | D:2      | Found a burning altar of Makhleb.
  2470 | D:2      | Became a worshipper of the Wu Jian Council
  2610 | D:3      | Noticed Grinder
  2613 | D:3      | Noticed Robin
  2639 | D:3      | Killed Robin
  2663 | D:3      | Paralysed by Grinder for 6 turns
  2695 | D:3      | Reached * piety under Wu Jian
  2707 | D:3      | Slain by Grinder

Skill      XL: |  1  2  3  4  5 |
---------------+----------------+-----
Stealth        | 1 2 |  2.2
Fighting       | 3 |  3.3
Dodging        | 1 |  1.9
Short Blades   | 3 |  3.3
Armour         | 4 |  4.1
Shields        | 4 |  4.0

Action                   |  1- 3 |  4- 6 || total
-------------------------+-------+-------++-------
Melee: Rapier            |   104 |   100 ||   204
       Flail             |       |    18 ||    18
 Fire: Hunting sling     |       |    35 ||    35
Invok: Lunge             |       |     2 ||     2
  Use: Potion            |       |     2 ||     2
  Eat: Chunk             |     2 |     4 ||     6
Armor: Scale mail        |    35 |    51 ||    86
Dodge: Dodged            |    49 |    67 ||   116
Block: Shield            |    76 |    70 ||   146
